 Dungeon Crawl Stone Soup version 0.28-a0-932-g843f935a50 (webtiles) character file.

Game seed: 8045555929830693755

2441 AvatarAndi78 the Protected (level 9, -1/79 HPs)
             Began as a Minotaur Berserker on Nov 27, 2021.
             Was a Priest of Trog.
             Slain by a cyan ugly thing (14 damage)
             ... on level 6 of the Dungeon.
             The game lasted 00:12:38 (6610 turns).

AvatarAndi78 the Protected (Minotaur Berserker)     Turns: 6610, Time: 00:12:39

Health: -1/79      AC: 13    Str: 24    XL:     9   Next: 25%
Magic:  8/8        EV:  9    Int:  4    God:    Trog [***...]
Gold:   97         SH:  4    Dex: 11    Spells: 8/8 levels left

rFire   + . .      SeeInvis +   p - +1 whip (drain)
rCold   + . .      Faith    .   s - +0 buckler
rNeg    . . .      Spirit   .   i - +0 chain mail
rPois   .          Reflect  .   (helmet restricted)
rElec   .          Harm     .   o - +0 cloak
rCorr   .          Rampage  .   (no gloves)
Will    ++...                   t - +0 pair of boots
Stlth   ..........              (no amulet)
HPRegen 1.23/turn               f - ring of protection from fire
MPRegen 0.11/turn               n - ring of see invisible

@: about to teleport, strong-willed, on berserk cooldown, regenerating, slowed,
very slow
A: horns 2, retaliatory headbutt, claws 1, cold resistance 1
a: Renounce Religion, Berserk, Trog's Hand


You were on level 6 of the Dungeon.
You worshipped Trog.
Trog was most pleased with you.
You visited 1 branch of the dungeon, and saw 6 of its levels.

You collected 203 gold pieces.
You spent 106 gold pieces at shops.

Inventory:

Hand Weapons
 a - a +0 hand axe
 h - a +0 halberd
 p - a +1 whip of draining (weapon)
Missiles
 j - a curare-tipped dart
 l - 6 boomerangs (quivered)
 r - 3 poisoned darts
 v - a javelin
Armour
 i - a +0 chain mail (worn)
 o - a +0 cloak (worn)
 s - a +0 buckler (worn)
 t - a +0 pair of boots (worn)
Jewellery
 f - a ring of protection from fire (left claw)
 n - a ring of see invisible (right claw)
 x - a ring of ice
Wands
 g - a wand of polymorph (7)
 k - a wand of iceblast (12)
 m - a wand of charming (10)
Scrolls
 b - a scroll of fog {unknown}
 c - a scroll of silence
 e - 2 scrolls of magic mapping
 u - a scroll of teleportation
 y - a scroll of vulnerability {unknown}
Potions
 d - 3 potions of curing
 q - a potion of brilliance
 w - 2 potions of lignification {unknown}


   Skills:
 + Level 7.3 Fighting
 + Level 6.7(7.8) Axes
 + Level 6.0(7.4) Maces & Flails
 + Level 2.2 Throwing
 + Level 8.5 Armour
 + Level 4.4 Dodging
 + Level 1.6 Stealth
 + Level 2.7 Shields
 + Level 0.2 Unarmed Combat


You had 8 spell levels left.
You didn't know any spells.
Your spell library was empty.

Dungeon Overview and Level Annotations

Branches:
Dungeon (6/15)
 Temple: D:4-7

Altars:

Shops:
D:2 *   D:5 ?


Innate Abilities, Weirdness & Mutations

You have a pair of horns on your head.
You reflexively headbutt those who attack you in melee.
You have sharp fingernails.
Your flesh is cold resistant. (rC+)


Message History

Things that are here:
a +0 shortbow; 24 arrows; a centaur corpse A cyan ugly thing comes into view.
An orc comes into view. It is wielding a +0 club.
The orc shouts!
You whack the cyan ugly thing! You drain the cyan ugly thing.
Your headbutt misses the cyan ugly thing.
The cyan ugly thing is moderately wounded.
The cyan ugly thing barely misses you.
You closely miss the cyan ugly thing.
Your headbutt misses the cyan ugly thing.
The cyan ugly thing is moderately wounded.
The orc hits you with a +0 club. The cyan ugly thing closely misses you.
The orc closely misses you.
You whack the cyan ugly thing!
The cyan ugly thing is moderately wounded.
The cyan ugly thing closely misses you. The orc hits you but does no damage.
The cyan ugly thing engulfs you! The cyan ugly thing shocks you!
You hit the cyan ugly thing but do no damage.
The cyan ugly thing is moderately wounded.
The orc closely misses you. You furiously retaliate!
You headbutt the orc!
You kill the orc!
Trog accepts your kill. The cyan ugly thing engulfs you!
The cyan ugly thing shocks you!
You are too injured to fight recklessly!
You are too injured to fight recklessly!
Unknown command.
You are too injured to fight recklessly!
Your skin crawls.
You feel strong-willed. The cyan ugly thing engulfs you!
The cyan ugly thing shocks you!
* * * LOW HITPOINT WARNING * * *
You're still recovering from your berserk rage.
Unknown command.
Okay, then.
As you read the scroll of teleportation, it crumbles to dust.
You feel strangely unstable. The cyan ugly thing engulfs you.
* * * LOW HITPOINT WARNING * * *
The cyan ugly thing shocks you!
You die...

....#.#.#(......#...####...).(...
....#.#.##.....##...# ######...†
....#.#.###(..###...###...###....
....#.#.####### #...##.....##....
.............# #.†)#.†.....#....
....#.###...... #..)'.).....##...
###.....##.....##...#.......#####
#.....#.##.....)#...##.....## ##
#.#..##.# #...u@..(###...## #.
#.#.....############# #########.
. #.......# #....### #........ #
#.......# #.##...# #.#......
#[......# #.##...# #.#......
#.....).# #.##...# #.#......
####'#### #.##...######.#......
#....# #.##........#.#......
####.# #.#########.#........


You could see a cyan ugly thing (drained).

Vanquished Creatures
  A gargoyle (D:6)
  A steam dragon (D:6)
  Duvessa (D:4)
  2 water moccasins (D:6)
  2 sky beasts (D:6)
  A black bear (D:6)
  2 necrophages
  A centaur (D:6)
  A kobold brigand (D:4)
  2 bullfrogs (D:6)
  6 scorpions
  A water moccasin zombie (D:6)
  Dowan (D:4)
  A howler monkey (D:5)
  2 bullfrog zombies (D:5)
  A bullfrog skeleton (D:4)
  An orc priest (D:5)
  2 centaur skeletons
  2 hounds
  A gnoll shaman (D:6)
  An iguana (D:6)
  7 adders
  4 gnolls (D:6)
  A shadow imp (D:6)
  A white imp (D:6)
  2 worms
  2 dart slugs
  17 orcs
  3 bats
  3 endoplasms
  3 giant cockroaches
  6 goblins
  6 hobgoblins
  8 jackals
  5 quokkas
  7 ball pythons
  6 kobolds
  4 rats
118 creatures vanquished.

Notes
Turn   | Place    | Note
-------+----------+-------------------------------------------
     0 | D:1      | AvatarAndi78 the Minotaur Berserker began the quest for the
                  | Orb.
     0 | D:1      | Reached XP level 1. HP: 19/19 MP: 0/0
   402 | D:1      | Reached XP level 2. HP: 21/27 MP: 1/1
  1117 | D:2      | Found a faded altar of an unknown god.
  1159 | D:2      | Reached XP level 3. HP: 33/33 MP: 2/2
  1161 | D:2      | Found Hiec's Assorted Antiques.
  1695 | D:2      | Bought a scroll labelled DYCLIW QIAPS for 22 gold pieces
  1978 | D:3      | Reached XP level 4. HP: 41/41 MP: 3/3
  2140 | D:3      | Reached ** piety under Trog
  2699 | D:3      | Reached skill level 3 in Armour
  3159 | D:4      | Noticed Duvessa
  3159 | D:4      | Noticed Dowan
  3304 | D:4      | Killed Duvessa
  3305 | D:4      | Reached skill level 5 in Fighting
  3305 | D:4      | Reached skill level 5 in Axes
  3305 | D:4      | Reached XP level 5. HP: 11/48 MP: 4/4
  3305 | D:4      | Killed Dowan
  3575 | D:4      | Reached skill level 4 in Armour
  3607 | D:4      | Reached skill level 1 in Stealth
  3607 | D:4      | Reached XP level 6. HP: 44/56 MP: 5/5
  4401 | D:4      | Reached XP level 7. HP: 60/62 MP: 6/6
  4449 | D:5      | Entered Level 5 of the Dungeon
  4449 | D:5      | Found Duthrink's Magic Scroll Shoppe.
  4473 | D:5      | Reached skill level 5 in Armour
  4999 | D:5      | Reached skill level 6 in Armour
  5372 | D:5      | Bought a scroll of identify for 28 gold pieces
  5372 | D:5      | Bought a scroll of identify for 28 gold pieces
  5372 | D:5      | Bought a scroll of identify for 28 gold pieces
  5464 | D:6      | Noticed a steam dragon
  5482 | D:6      | Killed a steam dragon
  5483 | D:6      | Reached skill level 1 in Maces & Flails
  5483 | D:6      | Reached XP level 8. HP: 68/71 MP: 7/7
  5642 | D:6      | Gained mutation: Your flesh is cold resistant. (rC+)
                  | [potion of mutation]
  5642 | D:6      | Gained mutation: You have sharp fingernails. [potion of
                  | mutation]
  5791 | D:6      | Reached skill level 1 in Throwing
  5791 | D:6      | Reached skill level 7 in Armour
  6082 | D:6      | Reached *** piety under Trog
  6339 | D:6      | Noticed a gargoyle
  6353 | D:6      | Killed a gargoyle
  6354 | D:6      | Reached skill level 5 in Maces & Flails
  6354 | D:6      | Reached skill level 8 in Armour
  6354 | D:6      | Reached skill level 1 in Shields
  6354 | D:6      | Reached XP level 9. HP: 45/79 MP: 8/8
  6603 | D:6      | Noticed a cyan ugly thing
  6610 | D:6      | Slain by a cyan ugly thing

Illustrated notes

Levels and vault maps discovered:
D:1:      roderic_octagonal_star, layout_basic
D:2:      layout_basic, serial_shops, nicolae_shop_waterfront,
          dreamdust_ecumenical_altar_statues
D:3:      layout_basic, serial_bayou_pond_e, kennysheep_crisscross
D:4:      layout_loops_ring, uniq_duvessa
D:5:      layout_loops_ring, nicolae_inconvenience_store
D:6:      minmay_opposing_rooms, layout_basic,
          minmay_temple_entry_enclosed_plants

Skill      XL: |  1  2  3  4  5  6  7  8  9 |
---------------+----------------------------+-----
Fighting       | 4 5 6 7 |  7.3
Axes           | 4 5 6 |  6.7
Dodging        | 3 4 |  4.4
Armour         | 3 4 6 8 |  8.5
Stealth        | 1 |  1.6
Maces & Flails | 1 5 6 |  6.0
Throwing       | 1 2 |  2.2
Shields        | 1 2 |  2.7
Unarmed Combat | |  0.2

Action                   |  1- 3 |  4- 6 |  7- 9 || total
-------------------------+-------+-------+-------++-------
Melee: Hand axe          |    70 |   112 |    15 ||   197
       Headbutt          |     5 |    15 |    44 ||    64
       Unarmed           |       |     4 |       ||     4
       Whip              |       |       |   156 ||   156
Throw: Dart              |    12 |     6 |     7 ||    25
       Javelin           |       |       |     2 ||     2
       Boomerang         |       |       |     2 ||     2
Invok: Berserk           |       |     2 |     4 ||     6
       Trog's Hand       |       |     1 |     5 ||     6
  Use: Scroll            |     3 |       |     7 ||    10
       Potion            |     3 |       |     1 ||     4
Armor: Animal skin       |    10 |       |       ||    10
       Ring mail         |    15 |    12 |       ||    27
       Chain mail        |       |    27 |    97 ||   124
Dodge: Dodged            |    55 |    57 |    76 ||   188
Block: Buckler           |       |       |    18 ||    18

Table legend: (Time is in decaauts)
 A = Elapsed time spent in this place.
 B = Non-inter-level travel time spent in this place.
 C = Inter-level travel time spent in this place.
 D = Time resting spent in this place.
 E = Time spent auto-exploring this place.
 F = Levels seen in this place.
 G = Mean time per level.
                   A        B        C        D        E       F      G
               +--------+--------+--------+--------+--------+-----+--------+
         Total |   6665 |   6500 |    165 |      0 |   5536 |   6 | 1110.8 |
       Dungeon |   6665 |   6500 |    165 |      0 |   5536 |   6 | 1110.8 |
               +--------+--------+--------+--------+--------+-----+--------+

Top non-repeatable levels by time:
     D:3: 1553 daAuts
     D:2: 1232 daAuts
     D:6: 1167 daAuts
     D:5: 1010 daAuts
     D:4: 977 daAuts
     D:1: 723 daAuts
